 Dungeon Sprint DCSS version 0.30-a0-210-g01b79a254e (webtiles) character file.

Game seed: 1743639776480302162

4155 rocky1 the Fighter (level 10, -5/123 HPs)
             Began as an Ogre Fighter on Oct 5, 2022.
             Was an Initiate of Gozag.
             Slain by a redback (15 damage)
             ... in the Dungeon (Sprint VII: "The Pits").
             The game lasted 00:06:43 (1565 turns).

rocky1 the Fighter (Ogre Fighter)                   Turns: 1565, Time: 00:06:44

Health: -5/123     AC:  3    Str: 26    XL:     10   Next: 28%
Magic:  10/10      EV:  8    Int:  9    God:    Gozag
Gold:   1645       SH: 10    Dex:  8    Spells: 9/9 levels left

rFire   . . .      SeeInvis .    t - +1 broad axe (vorpal)
rCold   . . .      Faith    .    c - +0 kite shield
rNeg    . . .      Spirit   .    b - +0 robe
rPois   .          Reflect  .    (helmet restricted)
rElec   .          Harm     .    (no cloak)
rCorr   .          Rampage  .    (gloves unavailable)
Will    +....      NoTele   +    (boots unavailable)
Stlth   +.........               (no amulet)
HPRegen 0.40/turn                (no ring)
MPRegen 0.12/turn                (no ring)

@: mighty, lethally poisoned (-5 -> -8), gold aura, on berserk cooldown, hasted
and slowed, constricted
A: large, unfitting armour, tough skin 1
a: Renounce Religion, Potion Petition, Call Merchant, Bribe Branch


You were in the Dungeon.
You worshipped Gozag.
Gozag was most pleased with you.
You visited 1 branch You collected 3051 gold pieces.
You paid 1406 gold pieces to Gozag.

Inventory:

Hand Weapons
 a - a +0 flail
 n - a +0 flail of protection
 o - a +5 battleaxe of freezing
 t - a +1 vorpal broad axe (weapon)
Armour
 b - a +0 robe (worn)
 c - a +0 kite shield (worn)
Jewellery
 p - a +3 ring of intelligence
 q - a +3 ring of intelligence
Scrolls
 j - a scroll of blinking
 l - 5 scrolls of amnesia
 m - a scroll of summoning
Potions
 d - a potion of might
 e - 2 potions of curing
 f - 3 potions of heal wounds
 h - 4 potions of magic
 i - a potion of berserk rage
 k - 2 potions of invisibility
 r - 2 potions of brilliance
 s - a potion of mutation


   Skills:
 + Level 14.3 Fighting
 + Level 5.6(10.7) Axes
 + Level 12.9(13.3) Maces & Flails
 + Level 10.3 Dodging
 + Level 11.2 Shields


You had 9 spell levels left.
You didn't know any spells.
Your spell library was empty.

Dungeon Overview and Level Annotations

Branches:
Dungeon (1/1)

Altars:
Ashenzari
Cheibriados
Dithmenos
Elyvilon
Fedhas
Gozag
Hepliaklqana
Kikubaaqudgha
Makhleb
Nemelex Xobeh
Okawaru
Qazlal
Ru
Sif Muna
Trog
Uskayaw
Vehumet
Wu Jian
Xom
Yredelemnul
Zin
The Shining One
Jiyva
Lugonu


Innate Abilities, Weirdness & Mutations

You are too large for most types of armour.
You have tough skin. (AC +1)


Message History

The naga completely misses you. The naga mage misses you.
The naga mage grabs you. The naga mage constricts you.
Unknown command.
You slice the naga mage!!
The naga mage is almost dead.
You hit the naga. You block the naga mage's attack.
The naga mage constricts you. The naga spits poison at you.
The splash of poison hits you!
You are poisoned.
You have difficulty breathing.
You feel as though you will be slow longer.
* * * LOW HITPOINT WARNING * * *
You block the naga mage's attack. The naga mage constricts you.
* * * LOW HITPOINT WARNING * * *
The naga hits you with a +0 glaive!!
* * * LOW HITPOINT WARNING * * *
You feel much better.
You feel very sick. The naga mage barely misses you.
The naga mage constricts you.
* * * LOW HITPOINT WARNING * * *
The naga barely misses you.
Unknown command.
You slash the naga mage!
You kill the naga mage!
You slice the naga!!
You feel sick. The redback closely misses you. The naga barely misses you.
The naga grabs you. The naga constricts you.
* * * LOW HITPOINT WARNING * * *
Unknown command.
You feel much better.
You feel sick. You block the redback's attack. You block the naga's attack.
The naga constricts you.
* * * LOW HITPOINT WARNING * * *
Unknown command.
You closely miss the redback. You closely miss the naga.
You feel sick.
The naga no longer looks unusually toxic.
The redback bites you!
* * * LOW HITPOINT WARNING * * *
The redback bites you!
You die...
Your body crumbles into a pile of gold. $$$$$$$$$

$ $
########################
................@N......
..............$$.s......
#############++#########


You could see a redback and a naga.

Vanquished Creatures
  A sixfirhy (D)
  A salamander mystic (D)
  An orc knight (D)
  A naga mage (D)
  An efreet (D)
  A guardian mummy (D)
  2 trolls (D)
  A wyvern (D)
  A naga (D)
  A floating eye (D)
  An ice beast (D)
  2 orc warriors (D)
  A wolf (D)
  A centaur (D)
  A phantom (D)
  A bullfrog (D)
  A scorpion (D)
  4 wights (D)
  A crimson imp (D)
  An orc priest (D)
  An iguana (D)
  An orc wizard (D)
  A mummy (D)
  3 adders (D)
  A river rat (D)
  An ufetubus (D)
  9 orcs (D)
  An endoplasm (D)
  2 quokkas (D)
  A ball python (D)
  A jackal skeleton (D)
47 creatures vanquished.

Notes
Turn   | Place    | Note
-------+----------+-------------------------------------------
     0 | D        | rocky1 the Ogre Fighter began the quest for the Orb.
     0 | D        | Reached XP level 1. HP: 24/24 MP: 1/1
    17 | D        | Reached XP level 2. HP: 19/33 MP: 2/2
    86 | D        | Found a bloodstained altar of Trog.
    86 | D        | Found a shimmering blue altar of Sif Muna.
    86 | D        | Found a viscous altar of Jiyva.
    86 | D        | Found a hazy altar of Hepliaklqana.
    86 | D        | Found an opulent altar of Gozag.
    87 | D        | Found a glowing golden altar of the Shining One.
    87 | D        | Found a glowing silver altar of Zin.
    87 | D        | Found a basalt altar of Yredelemnul.
    87 | D        | Found a shimmering altar of Xom.
    87 | D        | Found an ornate altar of the Wu Jian Council.
    87 | D        | Found a sacrificial altar of Ru.
    87 | D        | Found a stormy altar of Qazlal.
    87 | D        | Found an iron altar of Okawaru.
    87 | D        | Found a sparkling altar of Nemelex Xobeh.
    87 | D        | Found a burning altar of Makhleb.
    87 | D        | Found a blossoming altar of Fedhas.
    87 | D        | Found a white marble altar of Elyvilon.
    87 | D        | Found a shadowy altar of Dithmenos.
    87 | D        | Found a snail-covered altar of Cheibriados.
    90 | D        | Found a corrupted altar of Lugonu.
    90 | D        | Found a radiant altar of Vehumet.
    91 | D        | Found an ancient bone altar of Kikubaaqudgha.
    91 | D        | Found a hide-covered altar of Uskayaw.
    91 | D        | Found a broken altar of Ashenzari.
    94 | D        | Became a worshipper of Gozag Ym Sagoz the Greedy
   138 | D        | Reached skill level 5 in Fighting
   220 | D        | Noticed a scorpion
   221 | D        | Noticed a floating eye
   227 | D        | Paralysed by a floating eye for 2 turns
   231 | D        | Killed a scorpion
   232 | D        | Reached skill level 6 in Fighting
   232 | D        | Reached skill level 5 in Maces & Flails
   232 | D        | Reached XP level 3. HP: 42/44 MP: 3/3
   232 | D        | Reached XP level 4. HP: 50/52 MP: 4/4
   232 | D        | Killed a floating eye
   233 | D        | Reached skill level 7 in Fighting
   233 | D        | Reached skill level 5 in Dodging
   233 | D        | Reached skill level 5 in Shields
   233 | D        | Reached XP level 5. HP: 60/62 MP: 5/5
   313 | D        | Reached skill level 8 in Fighting
   316 | D        | Reached XP level 6. HP: 49/72 MP: 6/6
   458 | D        | Reached skill level 9 in Fighting
   493 | D        | Reached XP level 7. HP: 46/83 MP: 7/7
   507 | D        | Reached skill level 10 in Fighting
   702 | D        | Noticed an efreet
   709 | D        | Killed an efreet
   710 | D        | Reached skill level 11 in Fighting
   710 | D        | Reached skill level 10 in Maces & Flails
   710 | D        | Reached XP level 8. HP: 42/97 MP: 8/8
   729 | D        | Noticed a guardian mummy
   729 | D        | Noticed a sixfirhy
   750 | D        | Killed a sixfirhy
   751 | D        | Reached skill level 12 in Fighting
   758 | D        | Reached XP level 9. HP: 25/106 MP: 9/9
   760 | D        | HP: 4/106 [guardian mummy (16)]
   768 | D        | Killed a guardian mummy
  1127 | D        | Noticed a troll
  1140 | D        | Killed a troll
  1141 | D        | Reached skill level 1 in Axes
  1287 | D        | Noticed an orc knight
  1287 | D        | Noticed a troll
  1334 | D        | Killed a troll
  1335 | D        | Reached skill level 13 in Fighting
  1335 | D        | Reached skill level 10 in Shields
  1346 | D        | Killed an orc knight
  1536 | D        | Noticed a salamander mystic
  1537 | D        | Noticed a naga mage
  1545 | D        | Killed a salamander mystic
  1546 | D        | Reached skill level 14 in Fighting
  1546 | D        | Reached skill level 5 in Axes
  1546 | D        | Reached skill level 10 in Dodging
  1546 | D        | Reached XP level 10. HP: 122/122 MP: 10/10
  1563 | D        | Killed a naga mage
  1565 | D        | Slain by a redback

Illustrated notes

Levels and vault maps discovered:
D:        pitsprint [storerooms_1, entrance_room_1, metal_vault_2, armoury_3,
          mini_pit_1, grid_room_1, main_hall_1, silver_pit, the_coven_1,
          the_vestibule_1, steel_vault_2, golden_pit, hallway_of_sentries,
          crystal_vault_1, iron_vault_5, final_vault]

Skill      XL: |  1  2  3  4  5  6  7  8  9 |
---------------+----------------------------+-----
Maces & Flails | 2 5 6 7 8 10 11 12 | 12.9
Dodging        | 3 4 5 6 7 8 10 | 10.3
Fighting       | 6 7 8 9 11 12 14 | 14.3
Shields        | 4 5 6 7 8 9 11 | 11.2
Axes           | 5 |  5.6

Action                   |  1- 3 |  4- 6 |  7- 9 | 10-12 || total
-------------------------+-------+-------+-------+-------++-------
Melee: Flail             |    28 |    62 |   136 |       ||   226
       Broad axe         |       |       |     3 |    11 ||    14
Invok: Potion Petition   |       |       |     2 |       ||     2
  Use: Potion            |     1 |     2 |     8 |     7 ||    18
 Stab: Distracted        |       |       |     2 |       ||     2
Armor: Robe              |     8 |    14 |    19 |     1 ||    42
       Skin              |       |       |    13 |       ||    13
Dodge: Dodged            |     8 |    22 |    32 |    12 ||    74
Block: Kite shield       |    13 |    18 |    33 |    19 ||    83

Table legend: (Time is in decaauts)
 A = Elapsed time spent in this place.
 B = Non-inter-level travel time spent in this place.
 C = Inter-level travel time spent in this place.
 D = Time resting spent in this place.
 E = Time spent auto-exploring this place.
 F = Levels seen in this place.
 G = Mean time per level.
                   A        B        C        D        E       F      G
               +--------+--------+--------+--------+--------+-----+--------+
         Total |   1582 |   1518 |     64 |    871 |      0 |   1 | 1582.0 |
       Dungeon |   1582 |   1518 |     64 |    871 |      0 |   1 | 1582.0 |
               +--------+--------+--------+--------+--------+-----+--------+

Top non-repeatable levels by time:
       D: 1582 daAuts
